[Event "Team 45 45 League T35"]
[Site "Internet Chess Club"]
[Date "2007.11.26"]
[Round "6"]
[White "nardz"]
[Black "Scotty2Cues"]
[Result "0-1"]
[WhiteElo "2185"]
[BlackElo "2074"]
[Opening "Nimzo-Indian: classical variation"]
[ECO "E32"]
[Time "07:14:49"]
[TimeControl "2700+45"]

1. d4 Nf6 2. c4 e6 3. Nc3 Bb4 4. Qc2 O-O 5. a3 Bxc3+ 6. Qxc3 b6 7. Bg5 d6 8. f3
Nbd7 9. e4 c5 10. d5 exd5 11. cxd5 Nxe4 12. Bxd8 Nxc3 13. Bc7 Re8+ 14. Kf2 Nxd5
15. Bxd6 Re6 16. Bg3 Bb7 17. Bd3 Ne5 18. Be4 Ba6 19. Rd1 Ng4+ 20. fxg4 Rxe4 21.
Rxd5 Rae8 22. Rd2 Re1 23. h4 Rf1# {White checkmated} 0-1

[Event "Team 45 45 League T35"]
[Site "Internet Chess Club"]
[Date "2007.11.21"]
[Round "6"]
[White "Ernie1"]
[Black "tammany"]
[Result "0-1"]
[WhiteElo "1583"]
[BlackElo "1575"]
[Opening "Saragossa opening"]
[ECO "A00"]
[Time "22:01:16"]
[TimeControl "2700+45"]

1. c3 Nf6 2. d4 e6 3. Nf3 c5 4. Bg5 h6 5. Bh4 cxd4 6. Nxd4 Nc6 7. e3 a6 8. e4 g5
9. Bg3 Nxe4 10. Bd3 Nxg3 11. fxg3 Nxd4 12. cxd4 Qb6 13. O-O Qxb2 14. Nd2 Qxd4+
15. Kh1 Qxd3 16. Rf3 Qd5 17. Qc2 Bg7 18. Rd1 Qc6 19. Nc4 d5 20. Qf2 Qxc4 21.
Rxf7 Rf8 22. Rf1 Qxf1+ 23. Qxf1 Rxf7 24. Qd3 Bd7 25. Qg6 Ke7 26. h3 d4 27. Qe4
Bc6 28. Qd3 Rf2 29. Qa3+ Kd7 30. Qc5 Rxg2 {White resigns} 0-1

[Event "Team 45 45 League T35"]
[Site "Internet Chess Club"]
[Date "2007.11.27"]
[Round "6"]
[White "b-spot"]
[Black "NESKAYA"]
[Result "1-0"]
[WhiteElo "1705"]
[BlackElo "1548"]
[Opening "Queen's Indian accelerated"]
[ECO "A50"]
[Time "20:58:34"]
[TimeControl "2700+45"]

1. d4 Nf6 2. c4 b6 3. Nc3 Bb7 4. Qc2 d5 5. cxd5 Nxd5 6. e4 Nb4 7. Qa4+ N4c6 8.
d5 b5 9. Bxb5 Qd7 10. dxc6 Bxc6 11. Bxc6 Nxc6 12. Nf3 Rb8 13. O-O Rb4 14. Ne5
Rxa4 15. Nxd7 Rc4 16. Nxf8 Rxf8 17. Be3 f6 18. Rac1 Ne5 19. Nb5 Kf7 20. b3 Rxe4
21. Rxc7 Rb4 22. Nxa7 Ra8 23. Bc5 Rxa7 24. Rxa7 Nc6 25. Rxe7+ Nxe7 26. Bxb4
{Black resigns} 1-0

[Event "Team 45 45 League T35"]
[Site "Internet Chess Club"]
[Date "2007.11.24"]
[Round "6"]
[White "Jozin"]
[Black "dougmo"]
[Result "1-0"]
[WhiteElo "1675"]
[BlackElo "1554"]
[Opening "French: advance, Euwe variation"]
[ECO "C02"]
[Time "08:01:20"]
[TimeControl "2700+45"]

1. e4 e6 2. d4 d5 3. e5 c5 4. c3 Nc6 5. Nf3 Bd7 6. Bd3 cxd4 7. cxd4 Qb6 8. Be2
Nh6 9. Bxh6 gxh6 10. b3 Bb4+ 11. Kf1 O-O-O 12. a3 Be7 13. Nc3 Rdg8 14. b4 Kb8
15. Na4 Qd8 16. Nc5 Bxc5 17. bxc5 f6 18. Qb3 fxe5 19. dxe5 Qc7 20. Rb1 Bc8 21.
g3 Nxe5 22. Nd4 Rg7 23. Qb2 Nc4 24. Qc3 Qa5 25. Nc6+ {Black resigns} 1-0

[Event "Team 45 45 League T35"]
[Site "Internet Chess Club"]
[Date "2007.11.22"]
[Round "6"]
[White "Two-DogMan"]
[Black "sdcohle"]
[Result "1-0"]
[WhiteElo "1536"]
[BlackElo "1424"]
[Opening "Sicilian"]
[ECO "B50"]
[Time "22:01:04"]
[TimeControl "2700+45"]

1. e4 c5 2. Nf3 d6 3. Bc4 g6 4. h3 Bg7 5. Nc3 Nf6 6. d4 cxd4 7. Nxd4 O-O 8. O-O
Nc6 9. Nxc6 bxc6 10. Bd3 Bb7 11. Ne2 Nd7 12. Ng3 Ne5 13. Be2 Rb8 14. Be3 a5 15.
Kh1 e6 16. f4 Nd7 17. c3 Qc7 18. Bf3 c5 19. Qe1 Rbe8 20. Rc1 f5 21. exf5 exf5
22. Qf2 Nb6 23. b3 c4 24. Bxb6 Qc8 25. Bd4 Bxf3 26. Qxf3 cxb3 27. Qd5+ Qe6 28.
Qxb3 Bxd4 29. cxd4 Kg7 30. Qxe6 Rxe6 31. d5 Re3 32. Kh2 Rd3 33. Rcd1 Ra3 34. Ra1
Re8 35. Rfc1 Ree3 36. Rc7+ Kh6 37. Nf1 Red3 38. Rb7 Rxd5 39. Rb3 Ra4 40. Rf3 Rc4
41. h4 Rc8 42. Kh3 Rdc5 43. Re3 d5 44. g3 d4 45. Rd3 Rd8 46. Rad1 Rcd5 47. Ne3
R5d7 48. Nc4 Rd5 49. Ne5 Kg7 50. Nc6 R8d7 51. Ra3 d3 52. Rxa5 R5d6 53. Ne5 Rd8
54. Ra7+ Kf6 55. Rxh7 Rf8 56. Rh6 Rg8 57. Rh7 Rf8 58. Nd7+ Rxd7 59. Rxd7 Re8 60.
R7xd3 Ra8 61. Ra1 Ke6 62. a4 Ra5 63. Rb3 Rd5 64. Rb6+ Kd7 65. a5 Rc5 66. Rxg6
Ke7 67. a6 Rc8 68. a7 Ra8 69. Rb6 Rh8 70. Rb8 Rh7 71. Rb7+ Kf6 72. Rxh7 Kg6 73.
Rh8 Kg7 74. a8=Q Kf7 75. Ra7+ Ke6 76. Qc6# {Black checkmated} 1-0

[Event "Team 45 45 League T35"]
[Site "Internet Chess Club"]
[Date "2007.11.30"]
[Round "6"]
[White "Grenadier"]
[Black "mongmong"]
[Result "1/2-1/2"]
[WhiteElo "1704"]
[BlackElo "1614"]
[Opening "French: exchange variation"]
[ECO "C01"]
[Time "18:53:32"]
[TimeControl "2700+45"]

1. e4 e6 2. d4 d5 3. exd5 exd5 4. Bf4 Nf6 5. Nf3 Bd6 6. Bxd6 Qxd6 7. c3 Bg4 8.
Be2 O-O 9. O-O Re8 10. Nbd2 Nbd7 {Game drawn by mutual agreement} 1/2-1/2

[Event "Team 45 45 League T35"]
[Site "Internet Chess Club"]
[Date "2007.11.25"]
[Round "6"]
[White "Bdayton"]
[Black "MathWorker"]
[Result "1-0"]
[WhiteElo "1650"]
[BlackElo "1518"]
[Opening "English: Anglo-Dutch defense"]
[ECO "A10"]
[Time "21:01:28"]
[TimeControl "2700+45"]

1. c4 f5 2. Nc3 Nf6 3. Nf3 g6 4. g3 Bg7 5. d3 d6 6. Bg2 e5 7. O-O O-O 8. b4 Nc6
9. b5 Ne7 10. Rb1 a6 11. Bb2 axb5 12. cxb5 b6 13. Nxe5 Rb8 14. Nc6 Nxc6 15. Bxc6
Bb7 16. Qb3+ Kh8 17. Bxb7 Rxb7 18. Nd5 Nxd5 19. Bxg7+ Kxg7 20. Qxd5 Ra7 21. Rb2
Qa8 22. Qd4+ Kf7 23. Rc1 Ke8 24. Rbc2 Qd8 25. a4 Rf7 26. e4 fxe4 27. dxe4 Qe7
28. a5 c5 29. bxc6 bxa5 30. c7 Rxc7 31. Rxc7 Qxc7 32. Rxc7 Rxc7 33. Qxd6 Rd7 34.
Qe5+ Re7 35. Qxa5 Kf7 36. Qd5+ Re6 37. e5 Ke7 38. Qb7+ Kf8 39. Qxh7 {Black
resigns} 1-0

[Event "Team 45 45 League T35"]
[Site "Internet Chess Club"]
[Date "2007.11.24"]
[Round "6"]
[White "Mudfrog"]
[Black "holtmild"]
[Result "0-1"]
[WhiteElo "1466"]
[BlackElo "1611"]
[Opening "Scotch gambit: Benima defense"]
[ECO "C44"]
[Time "15:17:01"]
[TimeControl "2700+45"]

1. e4 e5 2. Nf3 Nc6 3. d4 exd4 4. Bc4 Be7 5. c3 Nf6 6. e5 Ng4 7. cxd4 d5 8. exd6
Qxd6 9. d5 Nce5 10. Nxe5 Nxe5 11. b3 Nxc4 12. bxc4 Qe5+ 13. Be3 Qxa1 14. Qa4+
Bd7 15. Qb3 b6 16. O-O Qf6 17. Nd2 O-O 18. Nf3 Qg6 19. Qc3 Bh3 20. g3 Bxf1 21.
Kxf1 Bf6 22. Qb4 Qd3+ 23. Kg2 Bc3 24. Qb5 Rfe8 25. Qc6 Rac8 26. Qd7 Qxc4 27. Bd2
Bxd2 28. Nxd2 Qe2 29. Nf3 Qxa2 30. Ng5 Rf8 31. Nxf7 Rxf7 32. Qxc8+ Rf8 33. Qe6+
Kh8 34. Qe7 Qxf2+ 35. Kh3 Qf1+ 36. Kg4 Qf5+ 37. Kh4 Qf6+ {White resigns} 0-1

[Event "Team 45 45 League T35"]
[Site "Internet Chess Club"]
[Date "2007.12.01"]
[Round "6"]
[White "Glassywoman"]
[Black "scar99"]
[Result "1-0"]
[WhiteElo "1376"]
[BlackElo "1533"]
[Opening "Scandinavian defense"]
[ECO "B01"]
[Time "09:57:25"]
[TimeControl "2700+45"]

1. e4 d5 2. exd5 Nf6 3. d4 Bg4 4. Nf3 Qxd5 5. Be2 Nc6 6. c3 O-O-O 7. O-O Qh5 8.
Nbd2 e6 9. Re1 Bd6 10. Nc4 Be7 11. Ne3 e5 12. Nxg4 Nxg4 13. h3 Nf6 14. Nxe5 Qh4
15. Nxc6 bxc6 16. Bf3 Nd5 17. Bg4+ Kb7 18. Qb3+ Nb6 19. a4 a6 20. a5 f5 21. Bf3
Rd6 22. axb6 cxb6 23. Bf4 Rg6 24. Bg3 Qf6 25. d5 f4 26. dxc6+ Kc7 27. Bxf4+ Bd6
28. Bxd6+ Kxd6 29. Rad1+ Kc7 30. Rd7+ Kc8 31. Bg4 Rxg4 32. hxg4 Qxc6 33. Rxg7
Qc5 34. Qe6+ {Black resigns} 1-0

[Event "Team 45 45 League T35"]
[Site "Internet Chess Club"]
[Date "2007.11.23"]
[Round "6"]
[White "AntonioMendonca"]
[Black "Beancounter"]
[Result "1/2-1/2"]
[WhiteElo "1726"]
[BlackElo "1786"]
[Opening "English: Neo-Catalan declined"]
[ECO "A14"]
[Time "15:07:21"]
[TimeControl "2700+45"]

1. c4 e6 2. g3 d5 3. Bg2 Nf6 4. Nf3 Be7 5. O-O O-O 6. Qc2 c5 7. d4 dxc4 8. dxc5
Qa5 9. Qxc4 Qxc5 10. Qxc5 Bxc5 11. Nc3 Nc6 12. Bg5 Be7 13. Rfd1 h6 14. Bxf6 Bxf6
15. Rac1 Rb8 16. a3 Na5 17. b4 Nb3 18. Rc2 a5 19. Ne4 Be7 20. Rc7 Bd8 21. Rc3 a4
22. Nd4 Nxd4 23. Rxd4 f5 24. Rdc4 Bd7 25. Nc5 Bb5 26. Nxe6 Bxc4 27. Nxf8 Bf6 28.
Rxc4 Kxf8 29. Rc2 b6 30. e3 Rd8 31. Bf1 Rd1 32. Kg2 Ra1 33. Rc8+ Ke7 34. Rb8
Rxa3 35. Rxb6 Rb3 36. b5 a3 37. Ra6 Bb2 38. b6 Rxb6 39. Rxb6 a2 40. Ra6 a1=Q 41.
Rxa1 Bxa1 42. h3 Be5 43. f4 Bb8 44. Bd3 Kf6 45. e4 fxe4 46. Bxe4 Bd6 47. Kf3 Ba3
48. h4 Bb2 49. g4 Bc3 50. g5+ hxg5 51. hxg5+ Ke7 52. f5 Bb2 53. Kg4 Bc3 54. Kh5
Bb2 55. Kg6 Kf8 {Game drawn by mutual agreement} 1/2-1/2

[Event "Team 45 45 League T35"]
[Site "Internet Chess Club"]
[Date "2007.11.23"]
[Round "6"]
[White "Stav"]
[Black "shakkiipe"]
[Result "0-1"]
[WhiteElo "1609"]
[BlackElo "1678"]
[Opening "King's Indian: Averbakh system"]
[ECO "E73"]
[Time "10:00:37"]
[TimeControl "2700+45"]

1. d4 d6 2. c4 g6 3. Nc3 Bg7 4. e4 Nf6 5. Be2 O-O 6. Bg5 h6 7. Be3 c6 8. e5 dxe5
9. dxe5 Qxd1+ 10. Rxd1 Ng4 11. Bc5 Nxe5 12. f4 Ned7 13. Bxe7 Re8 14. Bd6 Nb6 15.
c5 Nc4 16. Na4 Nxb2 17. Nxb2 Bxb2 18. Nf3 Bc3+ 19. Kf2 Nd7 20. Nd4 Nf6 21. Rd3
Ne4+ 22. Kf3 h5 23. h3 Bb4 24. Rc1 Nxd6 25. cxd6 Bxd6 26. Bd1 Bc7 27. Bb3 Bb6
28. Rcd1 Bd7 29. g4 c5 30. Nc2 Bb5 31. R3d2 c4 32. Na3 Re3+ 33. Kg2 Bc6+ 34. Kh2
cxb3 35. axb3 Rxb3 36. Nc4 Bc7 37. Ne5 hxg4 38. hxg4 Kg7 39. Rd4 Rh8+ 40. Kg1
Bb6 41. Nxc6 bxc6 42. Kg2 Bxd4 43. Rxd4 Rhh3 {White resigns} 0-1

[Event "Team 45 45 League T35"]
[Site "Internet Chess Club"]
[Date "2007.11.23"]
[Round "6"]
[White "LuctorEmergo"]
[Black "Cantemir"]
[Result "0-1"]
[WhiteElo "1354"]
[BlackElo "1485"]
[Opening "Sicilian: Alapin's variation (2.c3)"]
[ECO "B22"]
[Time "06:04:55"]
[TimeControl "2700+45"]

1. e4 c5 2. c3 Nc6 3. d4 cxd4 4. cxd4 e5 5. Nf3 Bb4+ 6. Nc3 Qa5 7. Qd3 exd4 8.
Nxd4 Ne5 9. Qg3 Nf6 10. Bd2 O-O 11. Be2 d5 12. Nf5 Bxf5 13. exf5 d4 14. Bh6
Bxc3+ 15. bxc3 Qxc3+ 16. Qxc3 dxc3 17. Be3 Nd5 18. Bd4 Nc6 19. O-O-O Rac8 20.
Bxg7 Nf4 21. Bxf8 Nxe2+ 22. Kc2 Kxf8 23. Rhe1 Nb4+ 24. Kb3 c2 {White resigns}
0-1

[Event "Team 45 45 League T35"]
[Site "Internet Chess Club"]
[Date "2007.11.26"]
[Round "6"]
[White "mal57"]
[Black "lw"]
[Result "0-1"]
[WhiteElo "1429"]
[BlackElo "1607"]
[Opening "Robatsch (modern) defense"]
[ECO "B06"]
[Time "20:31:56"]
[TimeControl "2700+45"]

1. e4 g6 2. Nf3 Bg7 3. Nc3 d6 4. b3 Nf6 5. Rb1 c6 6. e5 dxe5 7. Nxe5 Nd5 8. Nxd5
Bxe5 9. Ne3 Qa5 10. Nc4 Qc7 11. Nxe5 Qxe5+ 12. Be2 Qa5 13. Bb2 Rg8 14. Ra1 Bf5
15. Bc3 Qc7 16. O-O Nd7 17. a4 O-O-O 18. Bg4 Nf6 19. Bxf5+ gxf5 20. Bxf6 exf6
21. Qh5 Qd6 22. Qxf5+ Kb8 23. d3 Ka8 24. g3 h6 25. Rfd1 Rg5 26. Qh3 Rh8 27. c4
h5 28. d4 h4 29. Rd3 Rgh5 30. g4 Rg5 31. c5 Qf4 32. f3 f5 33. Kh1 fxg4 34. fxg4
Rxg4 35. Qf3 Rd8 36. Rad1 a6 37. Qe2 Qg5 38. h3 Rg3 39. Rxg3 Qxg3 40. Rd3 Qg6
41. Qd1 Rg8 42. Qf3 Qg1# {White checkmated} 0-1

[Event "Team 45 45 League T35"]
[Site "Internet Chess Club"]
[Date "2007.11.24"]
[Round "6"]
[White "Luckydawg"]
[Black "OGO"]
[Result "1-0"]
[WhiteElo "1640"]
[BlackElo "1644"]
[Opening "English, 1...Nf6 (Anglo-Indian defense)"]
[ECO "A15"]
[Time "12:04:43"]
[TimeControl "2700+45"]

1. c4 Nf6 2. g3 d6 3. Bg2 Nbd7 4. Nc3 e6 5. d4 Be7 6. Nf3 O-O 7. O-O a6 8. e4 e5
9. d5 b6 10. b3 Bb7 11. Bb2 Rc8 12. Bh3 c6 13. Rc1 cxd5 14. cxd5 b5 15. Qe2 Qb6
16. Nh4 Rc7 17. Nf5 Nc5 18. b4 Na4 19. Nxa4 bxa4 20. Rxc7 Qxc7 21. Rc1 Qd8 22.
b5 axb5 23. Qxb5 Bc8 24. Rxc8 {Black resigns} 1-0

[Event "Team 45 45 League T35"]
[Site "Internet Chess Club"]
[Date "2007.11.24"]
[Round "6"]
[White "dondel"]
[Black "boffman"]
[Result "0-1"]
[WhiteElo "1470"]
[BlackElo "1617"]
[Opening "Budapest defense declined"]
[ECO "A51"]
[Time "14:31:30"]
[TimeControl "2700+45"]

1. d4 Nf6 2. c4 e5 3. d5 Bc5 4. Nh3 d6 5. Bg5 h6 6. Bxf6 Qxf6 7. e4 Bxh3 8. Qf3
Qxf3 9. gxf3 Bxf1 10. Rxf1 O-O 11. Nc3 Bb4 12. O-O-O Bxc3 13. bxc3 Nd7 14. Kc2
Nf6 15. Rg1 Rac8 16. Rg2 Nh5 17. h3 f5 18. exf5 Rxf5 19. Rdg1 Rcf8 {White
resigns} 0-1

[Event "Team 45 45 League T35"]
[Site "Internet Chess Club"]
[Date "2007.11.30"]
[Round "6"]
[White "AlPearson"]
[Black "Playing4TheKing"]
[Result "1-0"]
[WhiteElo "1433"]
[BlackElo "1292"]
[Opening "Caro-Kann defense"]
[ECO "B15"]
[Time "07:29:39"]
[TimeControl "2700+45"]

1. e4 c6 2. d4 d5 3. Nc3 Nf6 4. e5 Ng4 5. f4 Bf5 6. h3 Nh6 7. g4 Bg6 8. f5 Nxf5
9. gxf5 Bxf5 10. Bd3 Bxd3 11. Qxd3 e6 12. Nf3 Bb4 13. Bg5 Qb6 14. a3 Bxc3+ 15.
Qxc3 O-O 16. Rg1 Nd7 17. Bh6 Rfc8 18. Rxg7+ Kh8 19. Ng5 Rf8 20. Nxf7+ Rxf7 21.
Rxf7 Nxe5 22. Rf8+ Rxf8 23. Bxf8 Ng6 24. Bc5 Qd8 25. Qg3 b6 26. Bd6 Qf6 27. Be5
{Black resigns} 1-0

[Event "Team 45 45 League T35"]
[Site "Internet Chess Club"]
[Date "2007.12.02"]
[Round "6"]
[White "Skyler"]
[Black "AndersO"]
[Result "0-1"]
[WhiteElo "1259"]
[BlackElo "1388"]
[Opening "Dutch"]
[ECO "A80"]
[Time "16:02:28"]
[TimeControl "2700+45"]

1. d4 f5 2. Bf4 Nf6 3. e3 e6 4. c3 Be7 5. Be2 O-O 6. Nf3 d6 7. Nbd2 Qe8 8. Ng5
Qg6 9. Bh5 Nxh5 10. Nh3 Nxf4 11. Nxf4 Qf7 12. Qe2 c6 13. O-O-O Nd7 14. Rdg1 e5
15. dxe5 Nxe5 16. Nh5 g6 17. Ng3 Qxa2 18. f4 Nd7 19. Ngf1 Nc5 20. g4 fxg4 21. h3
Nb3+ 22. Nxb3 Qxb3 23. hxg4 Rf7 24. f5 Rg7 25. Nd2 Qb5 26. Qh2 Bxf5 27. gxf5
Qxf5 28. Rf1 Qe5 29. Qg1 Rf8 30. Re1 a5 31. Rh3 a4 32. Kc2 Qf5+ 33. e4 Qxh3 34.
e5 Qf5+ 35. Kc1 dxe5 36. Qe3 Bg5 37. Qd3 Qxd3 38. Rd1 Bxd2+ 39. Rxd2 Qe3 40. Kb1
Qxd2 41. Ka2 Rf2 42. Ka3 Qc2 43. b4 Qb3# {White checkmated} 0-1

[Event "Team 45 45 League T35"]
[Site "Internet Chess Club"]
[Date "2007.11.25"]
[Round "6"]
[White "izit"]
[Black "DeLaSalle"]
[Result "1-0"]
[WhiteElo "2175"]
[BlackElo "2006"]
[Opening "French: advance, Nimzovich variation"]
[ECO "C02"]
[Time "14:55:04"]
[TimeControl "2700+45"]

1. e4 e6 2. d4 d5 3. e5 c5 4. Qg4 Qa5+ 5. c3 cxd4 6. Nf3 Nc6 7. Bd3 dxc3 8. bxc3
d4 9. O-O dxc3 10. Na3 Nh6 11. Qg3 Nf5 12. Bxf5 exf5 13. Nc4 Qc5 14. Nd6+ Bxd6
15. Qxg7 Bxe5 16. Re1 Qf8 17. Rxe5+ Be6 18. Rxe6+ fxe6 19. Qxb7 Qd6 20. Qxa8+
Kf7 21. Qb7+ Kg6 22. Be3 c2 23. Qxc6 Qd1+ 24. Ne1 Qxa1 25. Qxe6+ Kg7 26. Bh6#
{Black checkmated} 1-0

[Event "Team 45 45 League T35"]
[Site "Internet Chess Club"]
[Date "2007.11.24"]
[Round "6"]
[White "StrayLite"]
[Black "luar1609"]
[Result "0-1"]
[WhiteElo "2019"]
[BlackElo "2133"]
[Opening "Sicilian: closed"]
[ECO "B23"]
[Time "15:06:18"]
[TimeControl "2700+45"]

1. e4 c5 2. Nc3 d6 3. f4 g6 4. Nf3 Bg7 5. Bb5+ Bd7 6. Bc4 Nc6 7. O-O Nf6 8. d3
O-O 9. Qe1 Na5 10. e5 Ng4 11. Bd5 e6 12. Bb3 d5 13. h3 Nh6 14. g4 b5 15. a4 b4
16. Ne2 Nxb3 17. cxb3 d4 18. Ng3 Bc6 19. Nd2 Qh4 20. Nge4 Qxh3 21. g5 Nf5 22.
Nf3 Bxe4 23. dxe4 Ng3 24. Kf2 Qxf1+ 25. Kxg3 Qxe1+ 26. Nxe1 h6 27. gxh6 Bxh6 28.
Nd3 Rac8 29. a5 Rc6 30. a6 Rb8 31. Ra5 Bf8 32. Bd2 Rbb6 33. Kg4 Rxa6 34. Rb5
Rcb6 35. Rxc5 Bxc5 36. Nxc5 Ra2 37. Nd3 a5 38. Be1 Ra1 39. Bf2 Rd1 40. Bxd4 Rc6
{White resigns} 0-1

[Event "Team 45 45 League T35"]
[Site "Internet Chess Club"]
[Date "2007.11.24"]
[Round "6"]
[White "bobhill"]
[Black "chiiwen"]
[Result "0-1"]
[WhiteElo "2009"]
[BlackElo "1962"]
[Opening "Dutch: Leningrad, main variation"]
[ECO "A87"]
[Time "21:56:05"]
[TimeControl "2700+45"]

1. d4 f5 2. Nf3 Nf6 3. c4 g6 4. g3 Bg7 5. Bg2 d6 6. Nbd2 O-O 7. Qc2 Qe8 8. b3
Na6 9. a3 e5 10. Bb2 e4 11. Ng5 h6 12. Nh3 c6 13. e3 Nc7 14. O-O g5 15. b4 Qh5
16. Qd1 Qg6 17. Kh1 Be6 18. a4 Qf7 19. Qc2 Qd7 20. Ng1 a6 21. f3 d5 22. fxe4
fxe4 23. c5 Ng4 24. Nxe4 dxe4 25. Qe2 Nf6 26. h3 g4 27. h4 Nh5 28. Kh2 Nd5 29.
Bxe4 Qc7 30. Rae1 Qxg3+ 31. Kh1 Qxh4+ 32. Kg2 g3 33. Rf3 Qxe4 34. Rf1 Bg4 35. b5
axb5 36. axb5 Rf7 37. Bc1 Raf8 38. bxc6 bxc6 39. Qa6 Bxf3+ 40. Nxf3 Rxf3 {White
resigns} 0-1

[Event "Team 45 45 League T35"]
[Site "Internet Chess Club"]
[Date "2007.11.24"]
[Round "6"]
[White "cillu"]
[Black "BaroneRosso"]
[Result "1-0"]
[WhiteElo "1999"]
[BlackElo "1983"]
[Opening "Nimzo-Indian: classical, Noa variation, main line, 7.Qc2"]
[ECO "E37"]
[Time "15:00:59"]
[TimeControl "2700+45"]

1. d4 Nf6 2. c4 e6 3. Nc3 Bb4 4. Qc2 d5 5. a3 Bxc3+ 6. Qxc3 Ne4 7. Qc2 c5 8.
dxc5 Nc6 9. e3 Qa5+ 10. Bd2 Nxd2 11. Qxd2 dxc4 12. Qxa5 Nxa5 13. Rc1 b5 14. cxb6
Bb7 15. Nf3 Ke7 16. bxa7 Bxf3 17. gxf3 Rxa7 18. Rg1 Rb8 19. Rc2 Rab7 20. Bxc4
Rxb2 21. Rxb2 Rxb2 22. Bd3 g6 23. Rg4 Ra2 24. Ra4 Nc6 25. f4 Ra1+ 26. Ke2 Ra2+
27. Kf3 h5 28. Bb5 Nd8 29. Ra7+ Kf8 30. Rd7 Rxa3 31. Rxd8+ Ke7 32. Rd7+ Kf8 33.
Ke4 Ra2 34. Ke5 Kg7 35. Bc4 Ra5+ 36. Kd4 Kf8 37. Rc7 Ra1 38. e4 Rd1+ 39. Ke5 Rd2
40. Kf6 Ke8 41. Bb5+ Kd8 42. Rd7+ Rxd7 43. Bxd7 Kxd7 44. Kxf7 {Black resigns}
1-0

[Event "Team 45 45 League T35"]
[Site "Internet Chess Club"]
[Date "2007.11.25"]
[Round "6"]
[White "Beetlejuice"]
[Black "SRS"]
[Result "1-0"]
[WhiteElo "1936"]
[BlackElo "1776"]
[Opening "Old Benoni defense"]
[ECO "A46"]
[Time "14:03:02"]
[TimeControl "2700+45"]

1. d4 Nf6 2. Nf3 c5 3. d5 d6 4. c4 g6 5. Nc3 Bf5 6. Ng5 h6 7. e4 Bg4 8. Nf3 g5
9. Be2 Bg7 10. Be3 Qa5 11. Qd2 Nbd7 12. h4 Bxf3 13. gxf3 O-O-O 14. hxg5 hxg5 15.
O-O-O Nb6 16. a3 Nfd7 17. Bxg5 Rde8 18. Qc2 Ne5 19. Nb5 a6 20. Bd2 {Black
resigns} 1-0

[Event "Team 45 45 League T35"]
[Site "Internet Chess Club"]
[Date "2007.11.23"]
[Round "6"]
[White "Boromir"]
[Black "DocHoliday"]
[Result "1/2-1/2"]
[WhiteElo "1993"]
[BlackElo "1921"]
[Opening "Queen's pawn game"]
[ECO "D02"]
[Time "16:19:53"]
[TimeControl "2700+45"]

1. Nf3 d5 2. d4 Bg4 3. e3 e6 4. h3 Bxf3 5. Qxf3 Qf6 6. Nd2 Nd7 7. Bd3 Bd6 8. c3
Qxf3 9. Nxf3 f5 10. Ng5 Ke7 11. O-O Ngf6 12. Bb5 c6 13. Ba4 h6 14. Nf3 g5 15.
Nd2 h5 16. c4 g4 17. h4 Nb6 18. Bb3 Bc7 19. g3 Ne4 20. c5 Nd7 21. Bc2 Ndf6 22.
Kg2 Nxd2 23. Bxd2 Ne4 24. Rfd1 Rhb8 25. Rab1 b5 26. Bc3 a5 27. Bd3 b4 28. Be1 a4
29. Ra1 b3 30. a3 {Game drawn by mutual agreement} 1/2-1/2

[Event "Team 45 45 League T35"]
[Site "Internet Chess Club"]
[Date "2007.11.24"]
[Round "6"]
[White "Budzo"]
[Black "ivanson"]
[Result "0-1"]
[WhiteElo "1721"]
[BlackElo "1892"]
[Opening "King's Indian: orthodox variation"]
[ECO "E94"]
[Time "16:02:48"]
[TimeControl "2700+45"]

1. Nf3 Nf6 2. c4 g6 3. d4 Bg7 4. Nc3 d6 5. e4 O-O 6. Be2 e5 7. O-O Na6 8. dxe5
dxe5 9. Qxd8 Rxd8 10. Be3 Ng4 11. Bg5 f6 12. Bh4 c6 13. h3 Nh6 14. a3 Nf7 15. b4
g5 16. Bg3 f5 17. Rad1 f4 18. Rxd8+ Nxd8 19. Bh2 Nf7 20. Rd1 Be6 21. Nd2 Nc7 22.
Nb3 b6 23. f3 Bf8 24. Kh1 Ne8 25. Bg1 Ned6 26. Nd2 Ne8 27. Nb3 Be7 28. Bf2 Kg7
29. Kg1 h5 30. Rb1 Nf6 31. c5 g4 32. fxg4 hxg4 33. hxg4 Nxg4 34. Bxg4 Bxg4 35.
Rb2 Ng5 36. Rd2 Be6 37. Nc1 b5 38. N1e2 f3 39. Ng3 fxg2 40. Kxg2 Bh3+ 41. Kh1
Rh8 42. Bg1 Nf3 43. Rf2 Bg4+ 44. Kg2 Nd4 45. Nf5+ Nxf5 46. exf5 Bh5 47. Ne4 Bf6
48. Nxf6 Kxf6 49. Rd2 Rg8+ 50. Kf1 Bg4 51. Rd6+ Kxf5 52. Rxc6 Bh3+ 53. Kf2 Rg2+
{White resigns} 0-1

[Event "Team 45 45 League T35"]
[Site "Internet Chess Club"]
[Date "2007.11.23"]
[Round "6"]
[White "JeCrainsDegun"]
[Black "charles-allen"]
[Result "0-1"]
[WhiteElo "1661"]
[BlackElo "1783"]
[Opening "Scandinavian defense"]
[ECO "B01"]
[Time "08:01:46"]
[TimeControl "2700+45"]

1. e4 d5 2. exd5 Nf6 3. Bb5+ Bd7 4. Bc4 Bg4 5. f3 Bf5 6. g4 Bg6 7. Nc3 c6 8.
dxc6 Nxc6 9. d3 e6 10. h4 h5 11. g5 Nd7 12. Be3 Bb4 13. Bd2 Nde5 14. Bb3 O-O 15.
Ne4 Bxd2+ 16. Qxd2 Nd4 17. Rh3 Qb6 18. O-O-O Rac8 19. f4 Nec6 20. Ne2 Nxe2+ 21.
Qxe2 Bf5 22. Qxh5 Bxh3 23. Nf6+ gxf6 24. gxf6 Qe3+ 25. Kb1 Qg3 26. a3 Qg4 27.
Qxg4+ Bxg4 28. Rg1 Kh7 29. Rxg4 Rg8 30. Bxe6 Rxg4 31. Bxc8 Rxf4 32. Bxb7 Rxf6
33. c3 Kh6 34. d4 Kh5 35. d5 Na5 36. Bc8 Rd6 37. b4 Nc4 38. Bb7 Ne3 39. Kb2 Nxd5
40. c4 Nc7 41. c5 Rd3 42. a4 f5 43. b5 Kxh4 44. b6 axb6 45. cxb6 Ne8 46. Bc8 Nd6
47. b7 Nxb7 48. Bxb7 f4 49. a5 f3 50. a6 f2 51. Bg2 Rd2+ 52. Kb3 Rd1 53. Kb2 Rg1
54. Bf1 Rxf1 55. a7 Rb1+ {White resigns} 0-1

[Event "Team 45 45 League T35"]
[Site "Internet Chess Club"]
[Date "2007.11.26"]
[Round "6"]
[White "BraafPaard"]
[Black "AlterEgo"]
[Result "1/2-1/2"]
[WhiteElo "1564"]
[BlackElo "1590"]
[Opening "French: Winawer, advance, Bogolyubov variation"]
[ECO "C17"]
[Time "14:01:38"]
[TimeControl "2700+45"]

1. e4 e6 2. d4 d5 3. Nc3 Bb4 4. e5 c5 5. Bd2 Ne7 6. Nb5 Bxd2+ 7. Qxd2 O-O 8. f4
cxd4 9. Nf3 Nbc6 10. Bd3 Qa5 11. Qxa5 Nxa5 12. Nfxd4 a6 13. Nd6 Nac6 14. c3 Nxd4
15. cxd4 Nc6 16. O-O-O b5 17. Kb1 Nb4 18. Be2 Bd7 19. a3 Nc6 20. Kc2 Ra7 21. Kd3
Ne7 22. Ke3 Nc8 23. Nxc8 Rxc8 24. Rc1 Rac7 25. Kd2 Kf8 26. Rxc7 Rxc7 27. b4 Ke7
28. Rc1 Rxc1 29. Kxc1 f6 30. Bd3 f5 31. Be2 g6 32. g4 Kf7 33. h4 Kg7 {Game drawn
by mutual agreement} 1/2-1/2

[Event "Team 45 45 League T35"]
[Site "Internet Chess Club"]
[Date "2007.11.24"]
[Round "6"]
[White "John3v16"]
[Black "chickenhead"]
[Result "0-1"]
[WhiteElo "1884"]
[BlackElo "1901"]
[Opening "French: classical, Steinitz variation"]
[ECO "C14"]
[Time "15:56:33"]
[TimeControl "2700+45"]

1. e4 e6 2. d4 d5 3. Nc3 Nf6 4. Bg5 Be7 5. e5 Nfd7 6. Bxe7 Qxe7 7. f4 a6 8. Nf3
c5 9. Ne2 cxd4 10. Nexd4 Qb4+ 11. Qd2 Qxb2 12. Nb3 Nc5 13. Qd4 Qxd4 14. Nfxd4
Nxb3 15. Nxb3 Nc6 16. O-O-O b6 17. Be2 Bb7 18. g3 Rc8 19. Rd2 Ke7 20. Kb2 Rc7
21. Nd4 Nb8 22. Re1 Nd7 23. Bf3 g6 24. Re3 Nc5 25. Rde2 Rhc8 26. g4 b5 27. g5
Na4+ 28. Ka1 Rc4 29. Rd3 Nc3 30. Ree3 Na4 31. Bg2 Nc5 32. Rd2 Na4 33. Bf1 Rc3
34. Bd3 Ra3 35. Rh3 Nc3 36. Kb2 Rxa2+ 37. Kb3 Ra1 38. Rxh7 Rb1+ 39. Ka3 b4#
{White checkmated} 0-1